 Dungeon Crawl Stone Soup version 0.28-a0-29-g0adfcbbeba (webtiles) character file.

Game seed: 7115476593765288853

177 Conn the Firebug (level 5, -2/32 HPs)
             Began as an Octopode Fire Elementalist on July 27, 2021.
             Slain by a quokka (3 damage)
             ... on level 4 of the Dungeon.
             The game lasted 00:08:16 (3359 turns).

Conn the Firebug (Octopode Fire Elementalist)       Turns: 3359, Time: 00:08:17

Health: -2/32      AC:  1    Str:  8    XL:     5   Next: 57%
Magic:  10/10      EV: 13    Int: 18    God:
Gold:   64         SH:  0    Dex: 12    Spells: 3/10 levels left

rFire   . . .      SeeInvis .   a - +0 dagger (elec)
rCold   . . .      Faith    .   (no shield)
rNeg    . . .      Spirit   .   (helmet restricted)
rPois   .          Reflect  .   (no amulet)
rElec   .          Harm     .   (no ring)
rCorr   .          Rampage  .   (no ring)
Will    .....                   (no ring)
Stlth   +++.......              (no ring)
HPRegen 0.10/turn               (no ring)
MPRegen 0.12/turn               (no ring)
                                (no ring)
                                (no ring)

@: no status effects
A: almost no armour, amphibious, 8 rings, camouflage 1, gelatinous body 1,
(nimble swimmer 1), tentacles
a: no special abilities


You were on level 4 of the Dungeon.
You visited 1 branch of the dungeon, and saw 4 of its levels.

You collected 64 gold pieces.

Inventory:

Hand Weapons
 a - a +0 dagger of electrocution (weapon)
 d - a +0 dagger
Missiles
 f - 2 atropa-tipped darts (quivered)
Magical Staves
 e - a staff of poison
Scrolls
 g - a scroll of immolation
 i - a scroll of brand weapon {unknown}
 k - a scroll of teleportation {unknown}
 l - a scroll of holy word {unknown}
Potions
 c - 2 potions of lignification {unknown}


   Skills:
 + Level 0.3 Fighting
 + Level 0.2 Short Blades
 + Level 0.6 Staves
 + Level 2.5 Dodging
 + Level 3.1 Stealth
 + Level 3.3 Spellcasting
 + Level 2.0 Conjurations
 + Level 4.1 Fire Magic


You had 3 spell levels left.
You knew the following spells:

 Your Spells              Type           Power      Damage    Failure   Level
a - Foxfire               Conj/Fire      56%        2x1d6     4%          1
b - Conjure Flame         Conj/Fire      14%        6-21      13%         3
c - Inner Flame           Hex/Fire       10%        N/A       21%         3

Your spell library contained the following spells:

 Spells                   Type           Power      Damage    Failure   Level
 Sticky Flame             Conj/Fire      14%        2d4       41%         4
 Fireball                 Conj/Fire      7%         3d5       77%         5
 Freezing Cloud           Conj/Ice/Air   2%         6-21      97%         5
 Simulacrum               Ice/Necr       1%         N/A       100%        6
 Polar Vortex             Ice            1%         N/A       100%        9


Dungeon Overview and Level Annotations

Branches:
Dungeon (4/15)             Temple (0/1) D:4

Altars:

Annotations:
D:3 Grinder


Innate Abilities, Weirdness & Mutations

You cannot wear most types of armour.
You are amphibious.
You can wear up to eight rings at the same time.
Your skin changes colour to match your surroundings (Stealth+).
Your rubbery body absorbs attacks. (AC +1, EV +1)
((You are camouflaged near water. (Stealth+)))
You have tentacles for arms and can constrict up to eight enemies at once.


Message History

Found a leather armour.
The black bear growls angrily.
The howler monkey howls!
The iguana hisses angrily.
The quokka closely misses you. The howler monkey barely misses you.
The quokka bites you but does no damage.
You hear a shout!
You feel much better. The orc hits you with a +0 mace!
The quokka completely misses you.
The howler monkey hoots and howls with incredible vigour!
You hear an angry hiss.
You hear a shout! x2; You hear an angry hiss.
Okay, then.
Casting: Foxfire (safe; 4% risk of failure)
Confirm with . or Enter, or press ? or * to list all spells.
Okay, then.
The quokka bites you but does no damage.
The iguana barely misses you. The quokka misses you.
Okay, then.
As you read the scroll labelled ZOQ JANACW, it crumbles to dust.
You feel aware of your surroundings.
You sensed 1 altar.
It was a scroll of magic mapping.
The howler monkey closely misses you. The quokka barely misses you.
The quokka closely misses you. Something hits you.
A kobold comes into view. It is wielding a +0 dagger.
The quokka bites you.
You hit something. The howler monkey hits you. Something hits you.
* * * LOW HITPOINT WARNING * * *
The quokka closely misses you. The howler monkey closely misses you.
The iguana bites you.
* * * LOW HITPOINT WARNING * * *
You feel better. Something hits you. The quokka misses you.
The howler monkey hits you.
* * * LOW HITPOINT WARNING * * *
The orc hits you with a +0 mace.
* * * LOW HITPOINT WARNING * * *
The iguana barely misses you.
You feel better. Something hits you!
* * * LOW HITPOINT WARNING * * *
The quokka bites you.
You die...

,,,,,,,,**,,,,**,##.[...........#
,,,*,,,,*,,,,**,,.###........##.(
,,,,,**,,,****,,#[.#..........##.
,,,,,,***,,**##,..##......o......
,,,,,,,,*,,,##.#.#.###.....###...
,,,,**,,,,,,#.......###...o# ###.
,,,***,,,,,*###.#.###.###{.#####.
**** *,,,***#.Krhl..##...#.......
*,,,* #)#.#@#.#)#...........
**,** #!..o....(#..#........ ***
#####.#####..###.#....
*#.........##.....#
#.........##.......
###......##.....#..
#.#..##..........
####.##........#. #####.........


You could see a howler monkey, an iguana, an orc, a quokka and a kobold.

Vanquished Creatures
  A howler monkey (D:2)
  An orc wizard (D:3)
  2 adders
  2 worms
  2 dart slugs
  7 orcs
  4 endoplasms
  A giant cockroach (D:1)
  8 hobgoblins
  18 jackals
  4 quokkas
  2 ball pythons
  A bat (D:1)
  2 frilled lizards
  10 goblins
  3 kobolds (D:1)
  4 rats
72 creatures vanquished.

Vanquished Creatures (others)
  219 foxfires
219 creatures vanquished.

Grand Total: 291 creatures vanquished

Notes
Turn   | Place    | Note
-------+----------+-------------------------------------------
     0 | D:1      | Conn the Octopode Fire Elementalist began the quest for the
                  | Orb.
     0 | D:1      | Reached XP level 1. HP: 11/11 MP: 3/3
   339 | D:1      | Reached XP level 2. HP: 17/17 MP: 0/5
  1010 | D:1      | Found a faded altar of an unknown god.
  1083 | D:1      | Reached XP level 3. HP: 21/21 MP: 2/6
  1933 | D:2      | Reached XP level 4. HP: 23/27 MP: 3/8
  2617 | D:3      | Reached XP level 5. HP: 18/31 MP: 5/9
  2768 | D:3      | Reached skill level 4 in Fire Magic
  2961 | D:3      | Noticed Grinder
  2996 | D:3      | Paralysed by Grinder for 3 turns
  3014 | D:3      | Paralysed by Grinder for 4 turns
  3021 | D:3      | Paralysed by Grinder for 3 turns
  3248 | D:4      | Learned a level 3 spell: Conjure Flame
  3252 | D:4      | Learned a level 3 spell: Inner Flame
  3350 | D:4      | Noticed a black bear
  3359 | D:4      | HP: 1/32 [something (9)]
  3359 | D:4      | Slain by a quokka

Illustrated notes

Levels and vault maps discovered:
D:1:      noname_arrival_rooms_in_the_neighbourhood, layout_basic,
          hellmonk_ecumenical_altar_blasted
D:2:      layout_loops_cross
D:3:      layout_rooms, uniq_grinder
D:4:      minmay_spotlight, layout_cave_pools, nicolae_qazlal_style_of_elements,
          minmay_temple_entry_butterflies

Skill      XL: |  1  2  3  4  5 |
---------------+----------------+-----
Stealth        | 3 |  3.1
Spellcasting   | 3 |  3.3
Fire Magic     | 4 |  4.1
Conjurations   | 2 |  2.0
Fighting       | |  0.3
Short Blades   | |  0.2
Staves         | |  0.6
Dodging        | |  2.5

Action                   |  1- 3 |  4- 6 || total
-------------------------+-------+-------++-------
Melee: Dagger            |     4 |     5 ||     9
       Staff             |    21 |     1 ||    22
       Constrict         |     4 |     1 ||     5
       Tentacles         |     4 |       ||     4
Throw: Dart              |       |     1 ||     1
 Cast: Foxfire           |    65 |    64 ||   129
  Use: Scroll            |       |     5 ||     5
       Potion            |       |     4 ||     4
Armor: Skin              |     7 |     7 ||    14
Dodge: Dodged            |    53 |    38 ||    91

Table legend: (Time is in decaauts)
 A = Elapsed time spent in this place.
 B = Non-inter-level travel time spent in this place.
 C = Inter-level travel time spent in this place.
 D = Time resting spent in this place.
 E = Time spent auto-exploring this place.
 F = Levels seen in this place.
 G = Mean time per level.
                   A        B        C        D        E       F      G
               +--------+--------+--------+--------+--------+-----+--------+
         Total |   3362 |   3310 |     52 |    268 |   2256 |   4 |  840.5 |
       Dungeon |   3362 |   3310 |     52 |    268 |   2256 |   4 |  840.5 |
               +--------+--------+--------+--------+--------+-----+--------+

Top non-repeatable levels by time:
     D:1: 1521 daAuts
     D:2: 1121 daAuts
     D:3: 387 daAuts
     D:4: 332 daAuts
